cohdb
Replays
Latest Replays
All Replays
Popular Replays
Top Player Replays
Match Explorer
How It Works
Community
CoH3 Stats
Reddit
Sign in to upload your games and track your stats! →
Sign in with Steam
Match 35991061
Unlisted
Match 35991061
Overview
Messages
Build Orders
End
Kradschützen Motorcycle Team
Panzergrenadier Squad
Selects Armored Support Battlegroup
Panzerpioneer Squad
Panzerpioneer Squad
Construct Light Support Kompanie
Selects Salvage Kits
Fire Support Elements
2.5-tonne Medical Truck
Flakvierling Half-track
Veteran Squad Leaders
Vehicle Survival Package
Selects Panzer Storm
Construct Panzerarmee Kommand
Rapid Advance
Advanced Optics
Selects Veteran Gunners
Armored Reserves
Emergency Repair Kits
Advanced Field Repairs
Pak 38 Anti-tank Gun Team
Pak 38 Anti-tank Gun Team
Tiger Heavy Tank
Walking Stuka Rocket Launcher
Selects Stuka Anti-tank Loiter
Stuka Anti-tank Loiter
Panzer Storm
Selects Flammpanzer III Medium Tank
Tiger Heavy Tank
Walking Stuka Rocket Launcher
Selects Battlefield Salvage
2.5-tonne Medical Truck
Stuka Anti-tank Loiter
Tungsten Core Ammunition
Pak 38 Anti-tank Gun Team
Pak 38 Anti-tank Gun Team
Panzer IV Assault Group
Battlefield Salvage
tintin3461967
Maggot
STEM1
Ista.
WazzaBozza
Yaas
0
0
Comments
sign in to comment!
No comments posted yet!